Map: [ESL] Alcyone

Players

Gerald

  • Race: Protoss Protoss
  • Spawn Location: 7:00

DnS - Winner!

  • Race: Protoss Protoss
  • Spawn Location: 1:00

Event: ESL SC2 Masters 2024 Spring (Regional)

VOD

Have the link to the VOD?

Description

Time

  • Played on: April 19, 2024, 9:22 a.m.
  • Length: 13:42

All games in this series

Show
View Real Time Build Order
Export as new Build Order

Gerald Protoss 

Build Orders:  

Get SALT Encoding   

  12  0:00  Probe  
  13  0:12  Probe  
  14  0:17  Pylon  
  14  0:24  Probe (Chrono Boost)  
  15  0:36  Probe (Chrono Boost)  
  15  0:37  Gateway  
  16  0:43  Probe (Chrono Boost)  
  16  0:45  Assimilator  
  17  0:51  Probe  
  17  0:54  Assimilator  
  18  1:03  Probe (Chrono Boost)  
  19  1:07  Gateway  
  19  1:12  Probe (Chrono Boost)  
  19  1:17  Probe (Chrono Boost)  
  20  1:24  Cybernetics Core  
  21  1:29  Probe  
  22  1:33  Pylon  
  22  1:41  Probe  
  23  1:53  Probe  
  24  2:01  Warp Gate, Stalker x2  
  28  2:05  Probe  
  29  2:12  Pylon  
  29  2:18  Probe  
  30  2:30  Probe  
  30  2:31  Stalker  
  30  2:34  Stalker  
  35  2:42  Probe  
  35  2:44  Shield Battery  
  35  2:52  Pylon  
  35  3:11  Nexus  
  34  3:20  Robotics Facility  
  34  3:23  Probe  
  34  3:25  Sentry  
  37  3:28  Sentry  
  39  3:36  Pylon  
  39  3:54  Probe  
  39  3:55  Shield Battery  
  40  4:04  Warp Prism (Chrono Boost)  
  40  4:09  Stalker  
  43  4:10  Sentry  
  43  4:13  Gateway x2  
  45  4:46  Immortal (Chrono Boost)  
  43  4:56  Sentry  
  43  4:59  Gateway  
  45  5:08  Stalker  
  45  5:11  Pylon  
  47  5:27  Immortal (Chrono Boost)  
  47  5:31  Adept  
  47  5:32  Adept  
  54  5:55  Observer  
  53  6:10  Stalker  
  54  6:16  Probe  
  51  6:24  Robotics Bay  
  51  6:32  Stalker  
  54  6:36  Pylon  
  53  6:47  Probe (Chrono Boost)  
  53  6:50  Pylon  
  53  6:51  Nexus  
  54  7:00  Probe (Chrono Boost)  
  58  7:03  Pylon, Twilight Council  
  58  7:08  Disruptor (Chrono Boost)  
  59  7:10  Probe  
  59  7:12  Gravitic Drive  
  60  7:22  Probe  
  61  7:25  Shield Battery  
  61  7:34  Probe  
  61  7:35  Colossus  
  68  7:46  Probe  
  69  8:06  Resonating Glaives (Chrono Boost)  
  69  8:12  Assimilator, Adept x2  
  73  8:16  Pylon  
  73  8:22  Probe  
  72  8:35  Adept x3  
  70  8:44  Shield Battery  
  70  8:51  Gateway  
  70  8:52  Disruptor (Chrono Boost)  
  70  8:53  Gateway  
  70  8:54  Gateway  
  74  9:01  Adept  
  74  9:02  Adept  
  78  9:09  Adept  
  80  9:23  Adept  
  80  9:24  Adept  
  84  9:29  Probe  
  84  9:30  Pylon, Adept  
  87  9:40  Disruptor (Chrono Boost)  
  91  9:48  Observer  
  91  9:51  Adept x5  
  101  10:11  Pylon x2  
  101  10:14  Adept x3  
  101  10:36  Adept x5  
  111  10:45  Disruptor  
  111  11:06  Adept x6  
  105  11:25  Nexus  
  105  11:40  Probe  
  105  11:44  Adept  
  105  11:45  Adept x3  
  105  11:46  Probe  
  115  11:54  Disruptor (Chrono Boost)  
  115  12:10  Adept x4  
  115  12:11  Adept  
  123  12:16  Probe  
  123  12:17  Probe  
  125  12:28  Probe  
  126  12:36  Immortal (Chrono Boost), Probe  
  130  12:50  Adept x4  
  139  12:52  Adept x2  
  139  12:58  Probe  
  61  13:13  Adept x5  
  61  13:15  Probe  
  62  13:30  Adept  
Show
View Real Time Build Order
Export as new Build Order

DnS Protoss - Winner!

Build Orders:  

Get SALT Encoding   

  12  0:00  Probe  
  13  0:12  Probe  
  14  0:18  Pylon  
  14  0:24  Probe (Chrono Boost)  
  15  0:36  Probe (Chrono Boost)  
  15  0:38  Gateway  
  16  0:44  Probe (Chrono Boost)  
  16  0:47  Assimilator  
  17  0:51  Probe  
  17  0:55  Assimilator  
  18  1:03  Probe (Chrono Boost)  
  19  1:07  Gateway  
  19  1:12  Probe (Chrono Boost)  
  19  1:17  Probe (Chrono Boost)  
  21  1:26  Cybernetics Core  
  21  1:29  Probe  
  22  1:38  Pylon  
  22  1:43  Probe  
  23  2:02  Robotics Facility  
  23  2:04  Stalker  
  23  2:07  Stalker  
  27  2:10  Warp Gate  
  27  2:21  Pylon  
  27  2:34  Stalker  
  29  2:44  Stalker  
  31  3:01  Immortal (Chrono Boost)  
  35  3:14  Shield Battery  
  35  3:15  Sentry  
  37  3:24  Shield Battery  
  37  3:31  Pylon  
  37  3:35  Warp Prism (Chrono Boost)  
  39  3:56  Pylon  
  39  4:00  Stalker  
  39  4:01  Sentry, Observer  
  43  4:03  Probe  
  45  4:33  Nexus  
  45  4:44  Immortal  
  49  4:57  Stalker  
  51  5:02  Stalker  
  51  5:04  Pylon  
  53  5:08  Probe  
  53  5:11  Observer  
  54  5:20  Twilight Council  
  50  5:22  Probe  
  50  5:28  Sentry  
  53  5:34  Probe  
  58  5:58  Immortal  
  58  5:59  Stalker x2  
  58  6:03  Probe  
  64  6:06  Observer  
  63  6:12  Blink (Chrono Boost)  
  63  6:17  Probe x2  
  65  6:29  Probe  
  66  6:33  Shield Battery  
  66  6:35  Probe  
  67  6:42  Stalker  
  67  6:45  Pylon  
  69  6:49  Pylon, Gateway  
  69  7:02  Probe  
  69  7:03  Probe  
  69  7:05  Stalker x2  
  75  7:12  Pylon  
  75  7:14  Probe  
  76  7:22  Gateway  
  76  7:25  Probe  
  76  7:26  Probe  
  78  7:30  Stalker  
  78  7:31  Stalker  
  82  7:37  Probe  
  82  7:38  Probe  
  84  7:48  Nexus  
  84  7:54  Probe x2  
  86  8:08  Probe x2  
  88  8:13  Stalker x3  
  88  8:15  Robotics Facility  
  94  8:22  Pylon  
  94  8:24  Assimilator  
  94  8:39  Probe x2  
  88  8:51  Probe x2  
  88  8:52  Stalker x2  
  88  8:53  Charge (Chrono Boost), Stalker x2  
  98  8:59  Observer  
  99  9:03  Probe x3  
  99  9:07  Forge  
  102  9:15  Probe  
  101  9:19  Probe  
  101  9:20  Stalker x3  
  101  9:22  Stalker  
  110  9:27  Immortal (Chrono Boost)  
  114  9:41  Protoss Ground Weapons Level 1 (Chrono Boost)  
  114  9:47  Gateway  
  114  9:49  Gateway  
  114  9:50  Gateway  
  114  9:53  Pylon  
  114  9:54  Pylon  
  114  9:57  Shield Battery  
  114  10:09  Immortal (Chrono Boost), Shield Battery x2  
  114  10:10  Shield Battery  
  114  10:22  Stalker x4  
  114  10:24  Pylon  
  121  10:41  Immortal  
  123  10:45  Stalker x3  
  123  10:46  Zealot x2  
  133  10:54  Zealot x2  
  133  10:59  Pylon  
  123  11:15  Zealot x7  
  127  11:20  Immortal  
  129  11:38  Stalker x6  
  141  11:41  Stalker  
  141  11:46  Probe x3  
  130  12:02  Stalker x3  
  134  12:10  Probe x3  
  137  12:22  Probe x2  
  139  12:27  Nexus  
  139  12:28  Zealot x2  
  143  12:30  Pylon  
  143  12:31  Zealot  
  141  12:50  Zealot x6  
  133  13:01  Zealot  
  90  13:12  Stalker  
  90  13:13  Stalker x5  
  90  13:19  Probe (Chrono Boost)  
  85  13:30  Probe x2 (Chrono Boost)  
  85  13:32  Probe (Chrono Boost)  
Tags
 
Add a new tag
Caveats
  • Supply blocks, unpowered buildings, or Contaminate may cause inaccurate times.
  • Supply counts are checked every 10 seconds.